 Dungeon Crawl Stone Soup version 0.18.1-8-gdd0e5ea (webtiles) character file.

235700 nikopol the Phalangite (level 18, -7/252 HPs)
             Began as a Minotaur Berserker on May 30, 2016.
             Was the Champion of Trog.
             Mangled by a frost giant simulacrum (23 damage)
             ... on level 1 of the Vaults on May 31, 2016.
             The game lasted 02:57:55 (37306 turns).

nikopol the Phalangite (Minotaur Berserker)        Turns: 37306, Time: 02:57:56

Health: -7/252     AC: 32    Str: 32    XL:     18   Next: 48%
Magic:  26/26      EV: 20    Int:  4    God:    Trog [******]
Gold:   1898       SH:  0    Dex: 17    Spells: 0 memorised, 17 levels left

rFire  x . .     SeeInvis .     A - +10 spear of the Tundras {freeze, rElec rF- rC+ MP+9 Str+4}
rCold  + . .     Gourm    .     u - +3 chain mail {MR+}
rNeg   . . .     Faith    .     (no shield)
rPois  +         Spirit   .     X - +2 hat
rElec  +         Dismiss  .     b - +2 cloak {+Inv}
rCorr  .         Reflect  .     P - +3 pair of gauntlets of War {Slay+5}
SustAt .         Harm     .     W - +1 pair of boots {run}
MR     ++...                    S - amulet of regeneration
Stlth  ..........               a - ring of poison resistance
                                l - +2 ring of protection

@: berserking (expiring), liquid flames, marked, glowing, very quick, very
resistant to hostile enchantments, extremely unstealthy
A: retaliatory headbutt, horns 2
a: Berserk, Trog's Hand, Brothers in Arms, Burn Spellbooks, Renounce Religion,
Evoke Invisibility
}: 2/15 runes: decaying, gossamer


You were on level 1 of the Vaults.
You worshipped Trog.
Trog was exalted by your worship.
You were hungry.

You visited 6 branches of the dungeon, and saw 34 of its levels.
You also visited: Ossuary and Ice Cave.

You collected 2988 gold pieces.
You spent 1090 gold pieces at shops.

Inventory:

Hand Weapons
 A - the +10 spear of the Tundras (weapon) {freeze, rElec rF- rC+ MP+9 Str+4}
   (You found it on level 6 of the Dungeon)

   It has been specially enchanted to freeze those struck by it, causing extra
   injury to most foes and up to half again as much damage against particularly
   susceptible opponents.
   It can also slow down cold-blooded creatures.
   It affects your strength (+4).
   It makes you vulnerable to fire.
   It protects you from cold.
   It insulates you from electricity.
   It affects your magic capacity (+9).
Missiles
 M - 9 silver tomahawks (quivered)
Armour
 b - a +2 cloak of invisibility (worn)
 o - the +1 pair of boots "Ninacu" {*Confuse Regen+ Dex+2 SInv}
   (You acquired it on level 3 of the Swamp)

   It affects your dexterity (+2).
   It lets you see invisible.
   It increases your rate of regeneration.
   It may confuse you when you take damage.
 s - the +5 ring mail "Zuygoh" {Int+6}
   (You found it on level 2 of the Lair of Beasts)

   It affects your intelligence (+6).
 u - a +3 chain mail of magic resistance (worn)
 P - the +3 pair of gauntlets of War (worn) {Slay+5}
   (You bought it in a shop on level 2 of the Orcish Mines)

   It affects your accuracy and damage with ranged weapons and melee attacks
   (+5).
 W - a +1 pair of boots of running (worn)
 X - a +2 hat (worn)
 Z - the +2 pair of boots of Xizats {rN+}
   (You bought it in a shop on level 9 of the Dungeon)

   It protects you from negative energy.
Jewellery
 a - a ring of poison resistance (right hand)
 e - an uncursed ring of protection from fire
 f - an uncursed amulet of guardian spirit
 l - a +2 ring of protection (left hand)
 N - an uncursed ring of sustain attributes
 S - an amulet of regeneration (around neck)
Wands
 j - a wand of digging (14/24)
 p - a wand of flame (35/48)
 r - a wand of disintegration (11/24)
Scrolls
 m - 12 scrolls of teleportation
 q - 5 scrolls of enchant weapon
 y - 2 scrolls of blinking
 B - 3 scrolls of magic mapping
 C - 10 scrolls of recharging
 J - 8 scrolls of remove curse
 O - a scroll of fear
 R - 2 scrolls of holy word
 U - 2 scrolls of silence
Potions
 d - 11 potions of curing
 i - 10 potions of heal wounds
 k - a potion of invisibility
 n - 5 potions of agility
 v - 3 potions of flight
 w - a potion of cure mutation
 D - 3 potions of resistance
 E - 3 potions of cancellation
 F - 2 potions of brilliance
 I - 5 potions of might
 L - a potion of magic
 T - 2 potions of berserk rage
 V - 4 potions of haste
 Y - 3 potions of ambrosia
Comestibles
 c - 13 bread rations
 g - 10 meat rations
 h - 11 royal jellies
 z - 31 fruits
 G - 7 chunks of flesh
 H - a beef jerky
 Q - 7 slices of pizza


   Skills:
 + Level 16.8 Fighting
 * Level 22.5 Polearms
 + Level 11.5 Throwing
 + Level 16.7 Armour
 + Level 15.5 Dodging


You had 17 spell levels left.
You didn't know any spells.

Dungeon Overview and Level Annotations

Branches:
Dungeon (15/15)            Temple (0/1) D:6            Lair (8/8) D:8
  Swamp (4/4) Lair:6       Spider (4/4) Lair:4        Slime (0/6) Lair:7
    Orc (2/2) D:11            Elf (0/3) Orc:2        Vaults (1/5) D:14
 Depths (0/5) D:15

Altars:
Cheibriados
Dithmenos
Elyvilon
Gozag
Kikubaaqudgha
Nemelex Xobeh
Trog
Zin
Beogh

Shops:
D:6 [(}*   D:8 *   D:9 }[***   D:15 ![   Orc:2 %[[?

Annotations:
D:12 exclusion: 4 oklob plants


Innate Abilities, Weirdness & Mutations

You reflexively headbutt those who attack you in melee.
You have a pair of horns on your head.


Message History

You are covered in liquid flames!
* * * LOW HITPOINT WARNING * * *
The fire dragon breathes flames at you. The blast of flame misses you.
You barely miss the fire dragon. You headbutt the fire dragon!
The fire dragon is heavily wounded.
You are covered in liquid flames!
* * * LOW HITPOINT WARNING * * *
The vault sentinel blows a loud note on a signal horn!
You puncture the fire dragon! You freeze the fire dragon!
Your headbutt misses the fire dragon.
The fire dragon is almost dead.
You are covered in liquid flames!
The mottled dragon closely misses you.
The mottled dragon completely misses you.
The frost giant simulacrum hits you.
* * * LOW HITPOINT WARNING * * *
The frost giant simulacrum freezes you!!
You resist.
You die...

....'.....# ....#.....#
....#.....# >...+.....#
...)#)....# ....#.....#
....#.....#######+######
....#...............(...
#........)()@Dp((...
#..........)DZ.(....
#...................
#...................
########+###########


You could see a fire dragon, a vault sentinel, a mottled dragon and a frost
giant simulacrum.

Vanquished Creatures
  A bone dragon (Swamp:4)
  Jorgrun (Swamp:4)
  Rupert (Spider:1)
  2 thorn hunters
  7 emperor scorpions
  Maud (Orc:1)
  2 vault wardens (Vaults:1)
  Louise (D:14)
  Aizul (Swamp:4)
  4 ghost moths
  The ghost of manyhoops the Shatterer, a journeyman OgBe of Trog (Orc:2)
  A spark wasp (Spider:3)
  An ettin (D:15)
  2 yaktaur captains (Vaults:1)
  Josephine (D:14)
  4 entropy weavers
  4 ghost crabs
  10 hydras
  The ghost of crawlian the Destroyer, a journeyman DEFE of Sif Muna (IceCv)
  2 centaur warriors (D:15)
  4 death knights
  3 catoblepae
  A rakshasa (Vaults:1)
  A deep troll shaman (Lair:8)
  10 alligators
  3 ogre magi
  13 death yaks
  The ghost of Statics the Blocker, a novice FoFi of the Shining One (D:11)
  The ghost of manyhoops the Basher, a novice OgBe of Trog (D:7)
  2 tengu warriors (D:15)
  6 spriggans
  An orc high priest (Orc:1)
  2 unseen horrors
  2 deep trolls (Orc:2)
  2 shambling mangroves (Swamp:1)
  5 swamp dragons
  2 spectral hydras (Swamp:4)
  An ironbrand convoker (Vaults:1)
  2 necromancers
  A deep elf archer (D:15)
  3 phantasmal warriors
  A wolf spider zombie (D:15)
  14 hill giants
  A wizard (D:14)
  A lindwurm (Lair:8)
  Pikel (D:8)
  24 wolf spiders
  4 ugly things
  An orc sorcerer (Vaults:1)
  18 orb spiders
  3 deep elf magi
  7 hornets
  2 orc knights (Vaults:1)
  6 oklob plants
  6 griffons
  7 cyclopes
  15 elephants
  Maurice (D:8)
  A moth of wrath (Spider:4)
  3 ice statues
  4 black mambas
  2 gargoyles
  Joseph (D:7)
  2 vault sentinels (Vaults:1)
  A torpor snail (Spider:1)
  18 spiny frogs
  A centaur skeleton (D:12)
  A rime drake (shapeshifter) (Vaults:1)
  A kobold demonologist (D:15)
  4 rime drakes
  2 tengu conjurers
  15 komodo dragons
  A spriggan druid (Lair:5)
  A swamp worm zombie (Swamp:4)
  10 demonic crawlers
  A yaktaur (D:15)
  A troll (shapeshifter) (Vaults:1)
  3 hydra zombies (Swamp:4)
  5 polar bears
  2 queen bees
  19 trolls
  4 giant leeches
  22 jumping spiders
  10 two-headed ogres
  A two-headed ogre (shapeshifter) (D:15)
  20 blink frogs
  2 boulder beetles
  9 slime creatures
  5 alligator zombies (Swamp:4)
  6 bog bodies
  2 spectral swamp dragons (Swamp:4)
  77 redbacks
  26 tarantellas
  36 yaks
  2 wyverns
  A human (D:8)
  11 wraiths
  A shadow (D:12)
  2 hungry ghosts
  A hog (D:8)
  The ghost of UnlimitedFusion the Sneak, an amateur HuAs (D:3)
  20 vampire mosquitoes
  Grum (Lair:1)
  7 hippogriffs
  6 basilisks
  6 mottled dragons
  7 wargs
  Menkaure (D:7)
  A soldier ant (D:13)
  18 insubstantial wisps
  2 water moccasins (shapeshifter)
  22 water moccasins
  22 swamp worms
  10 porcupines
  5 swamp drakes
  The ghost of zeroDi the Cutter, an amateur VSAs of Okawaru (D:4)
  24 orc warriors
  17 ice beasts
  9 phantoms
  6 sky beasts
  3 black bears
  11 wasps
  4 swamp dragon zombies (Swamp:4)
  19 wolves
  2 eyes of draining (D:12)
  A necrophage (D:9)
  8 centaurs
  39 ogres
  8 crocodiles
  6 big kobolds
  15 giant frogs
  2 gnoll sergeants (D:11)
  A scorpion (D:8)
  A wyvern skeleton (D:12)
  64 killer bees
  10 wights
  9 electric eels
  4 howler monkeys
  4 centaur zombies
  8 crimson imps
  7 jellies
  2 giant frog zombies
  2 basilisk zombies (Lair:3)
  A quasit (D:5)
  A wasp zombie (D:8)
  7 hounds
  16 orc priests
  A gnoll shaman (Orc:1)
  3 giant frog skeletons
  28 orc wizards
  Natasha (D:3)
  8 iguanas
  A spectral swamp drake (Swamp:4)
  7 worker ants
  20 sheep
  2 hound zombies
  11 mummies (Ossuary)
  11 adders
  6 gnolls
  3 swamp drake zombies (Swamp:4)
  46 river rats
  5 shadow imps
  An ooze (Lair:7)
  An adder zombie (D:4)
  2 adder skeletons
  A worm (D:5)
  A dart slug (D:1)
  6 giant geckos
  88 orcs
  6 giant cockroaches
  15 goblins
  6 hobgoblins
  12 jackals
  7 quokkas
  2 ball pythons
  4 bats
  6 giant newts
  4 gnoll skeletons (Ossuary)
  2 goblin skeletons (Ossuary)
  A jackal skeleton (D:7)
  22 kobolds
  An orc skeleton (Ossuary)
  A quokka skeleton (D:4)
  9 rats
  11 rat skeletons (Ossuary)
  4 fungi
  15 plants
1385 creatures vanquished.

Vanquished Creatures (others)
  2 ogre magi (Orc:2)
  A wolf spider (Spider:3)
  A spiny frog (Swamp:4)
  3 slaves (D:8)
  A phantom (Swamp:4)
  A scorpion (D:8)
  2 howler monkeys (D:8)
  A jelly (D:8)
  An iguana (D:8)
  4 river rats (Lair:7)
  An orc (D:8)
  A goblin skeleton (Ossuary)
  6 fungi
  3 plants
28 creatures vanquished.

Grand Total: 1413 creatures vanquished

Notes
Turn   | Place    | Note
--------------------------------------------------------------
     0 | D:1      | nikopol the Minotaur Berserker began the quest for the Orb.
     0 | D:1      | Reached XP level 1. HP: 19/19 MP: 0/0
   177 | D:1      | Reached XP level 2. HP: 27/27 MP: 1/1
   371 | D:1      | Reached skill level 4 in Polearms
   605 | D:1      | Reached ** piety under Trog
   685 | D:1      | Reached XP level 3. HP: 32/33 MP: 2/2
  1337 | D:2      | Found a faded altar to an unknown god.
  1685 | D:2      | Reached XP level 4. HP: 36/40 MP: 3/3
  2295 | D:3      | Reached *** piety under Trog
  2309 | D:3      | Noticed UnlimitedFusion's ghost (amateur HuAs)
  2321 | D:3      | Killed UnlimitedFusion's ghost
  2321 | D:3      | Reached skill level 5 in Polearms
  2321 | D:3      | Reached XP level 5. HP: 47/47 MP: 4/4
  2339 | D:3      | Reached skill level 5 in Fighting
  2339 | D:3      | Reached XP level 6. HP: 47/56 MP: 5/5
  2530 | D:3      | Noticed Natasha
  2537 | D:3      | Killed Natasha
  2931 | D:4      | Found a sparkling altar of Nemelex Xobeh.
  3027 | D:4      | Noticed zeroDi's ghost (amateur VSAs)
  3032 | D:4      | Killed zeroDi's ghost
  3032 | D:4      | Reached skill level 5 in Armour
  3519 | D:5      | Entered Level 5 of the Dungeon
  3661 | D:5      | Reached XP level 7. HP: 60/62 MP: 6/6
  3679 | D:5      | Reached skill level 6 in Polearms
  4458 | D:5      | Reached skill level 5 in Dodging
  4717 | D:6      | Reached skill level 7 in Polearms
  4732 | D:6      | Reached XP level 8. HP: 18/71 MP: 7/7
  5029 | D:6      | Found Laguutauho's Armour Boutique.
  5064 | D:6      | Found Jeusuot's General Store.
  5096 | D:6      | Reached **** piety under Trog
  5255 | D:6      | Found Hutaqiss's Gadget Shop.
  5304 | D:6      | Found Ilyec's Weapon Shop.
  5319 | D:6      | Reached skill level 8 in Polearms
  5337 | D:6      | Found a staircase to the Ecumenical Temple.
  5624 | D:6      | Got an ichor-stained spear
  5625 | D:6      | Identified the +10 spear of the Tundras {freeze, rElec rF- rC+ MP+9 Str+4} (You found it on level 6 of the Dungeon)
  5669 | D:7      | Noticed manyhoops's ghost (novice OgBe)
  5679 | D:7      | Killed manyhoops's ghost
  5679 | D:7      | Reached skill level 9 in Polearms
  5679 | D:7      | Reached XP level 9. HP: 49/80 MP: 8/8
  5701 | D:7      | Noticed Joseph
  6014 | D:7      | Reached skill level 10 in Polearms
  6023 | D:7      | Killed Joseph
  6087 | D:7      | Reached ***** piety under Trog
  6183 | D:7      | Received a gift from Trog
  6245 | D:7      | Found a shadowy altar of Dithmenos.
  6411 | D:7      | Noticed Menkaure
  6421 | D:7      | Killed Menkaure
  6674 | D:8      | Found Xastrocukk's General Store.
  6680 | D:8      | Found a white marble altar of Elyvilon.
  6698 | D:8      | Found a sand-covered staircase.
  6708 | Ossuary  | Entered an ossuary
  6830 | Ossuary  | Reached skill level 11 in Polearms
  7021 | D:8      | Noticed Pikel
  7024 | D:8      | Killed Pikel
  7024 | D:8      | Reached XP level 10. HP: 90/90 MP: 9/9
  7272 | D:8      | Found a staircase to the Lair.
  7384 | D:8      | Noticed Maurice
  7393 | D:8      | Killed Maurice
  7840 | D:8      | Reached skill level 12 in Polearms
  8175 | Lair:1   | Entered Level 1 of the Lair of Beasts
  8418 | Lair:1   | Noticed Grum
  8438 | Lair:1   | Killed Grum
  8602 | Lair:1   | Noticed a spiny frog
  8608 | Lair:1   | Killed a spiny frog
  8705 | Lair:1   | Noticed a spiny frog
  8712 | Lair:1   | Killed a spiny frog
  8712 | Lair:1   | Reached XP level 11. HP: 67/99 MP: 10/10
  9040 | Lair:2   | Reached skill level 10 in Fighting
  9040 | Lair:2   | Reached skill level 13 in Polearms
  9151 | Lair:2   | Reached skill level 10 in Armour
  9272 | Lair:2   | Got a bronze ring mail
  9378 | Lair:2   | Identified the +5 ring mail "Zuygoh" {Int+6} (You found it on level 2 of the Lair of Beasts)
  9454 | Lair:2   | Received a gift from Trog
 10422 | Lair:3   | Noticed an eight-headed hydra
 10429 | Lair:3   | Killed an eight-headed hydra
 10429 | Lair:3   | Reached skill level 14 in Polearms
 10868 | Lair:3   | Reached XP level 12. HP: 59/110 MP: 11/11
 11122 | Lair:3   | Reached skill level 10 in Dodging
 11157 | Lair:3   | Reached skill level 1 in Throwing
 11365 | Lair:3   | Noticed a catoblepas
 11379 | Lair:3   | Killed a catoblepas
 11744 | Lair:4   | Received a gift from Trog
 11751 | Lair:4   | Reached skill level 15 in Polearms
 11872 | Lair:4   | Found a hole to the Spider Nest.
 12982 | Lair:5   | Noticed a seven-headed hydra
 12991 | Lair:5   | Killed a seven-headed hydra
 13544 | Lair:6   | Found a staircase to the Swamp.
 13544 | Lair:6   | Noticed a four-headed hydra
 13548 | Lair:6   | Killed a four-headed hydra
 13548 | Lair:6   | Reached XP level 13. HP: 117/117 MP: 12/12
 13552 | Lair:6   | Received a gift from Trog
 13576 | Lair:6   | Got a shimmering halberd {god gift}
 13673 | Lair:6   | Identified the +1 halberd of Capital Punishment {chop, +Blink rN+ Int-4} (Trog gifted it to you on level 6 of the Lair of Beasts)
 13919 | Lair:6   | Reached skill level 16 in Polearms
 15070 | Lair:7   | Found a staircase to the Slime Pits.
 15106 | Lair:7   | Reached skill level 5 in Throwing
 15703 | Lair:8   | Entered Level 8 of the Lair of Beasts
 16145 | Lair:8   | Received a gift from Trog
 16166 | Lair:8   | Reached skill level 17 in Polearms
 16472 | Lair:8   | Reached XP level 14. HP: 120/127 MP: 13/13
 18059 | D:9      | Received a gift from Trog
 18150 | D:9      | Found Oqoiwkof's Armour Boutique.
 18150 | D:9      | Found Ciehumei's Assorted Antiques.
 18219 | D:9      | Found Lezierch's Assorted Antiques.
 18409 | D:9      | Found Timus's General Store.
 18413 | D:9      | Bought the +2 pair of boots of Xizats {rN+} for 282 gold pieces
 18584 | D:9      | Found a glowing silver altar of Zin.
 18585 | D:9      | Found a snail-covered altar of Cheibriados.
 18585 | D:9      | Found an opulent altar of Gozag.
 18585 | D:9      | Found an ancient bone altar of Kikubaaqudgha.
 18587 | D:9      | Found a bloodstained altar of Trog.
 18750 | D:9      | Found Wofoogar's Gadget Shoppe.
 18794 | D:10     | Entered Level 10 of the Dungeon
 19064 | D:10     | Received a gift from Trog
 19666 | D:11     | Noticed Statics's ghost (novice FoFi)
 19672 | D:11     | Killed Statics's ghost
 19703 | D:11     | Reached skill level 18 in Polearms
 19765 | D:11     | Reached ****** piety under Trog
 19795 | D:11     | Found a frozen archway.
 19826 | IceCv    | Entered an ice cave
 19836 | IceCv    | Received a gift from Trog
 19854 | IceCv    | Noticed crawlian's ghost (journeyman DEFE)
 19863 | IceCv    | Killed crawlian's ghost
 20114 | IceCv    | Got a translucent plate armour
 20273 | IceCv    | Identified the cursed +1 plate armour "Jojiygip" {rElec MP+9 Int+6} (You found it in an ice cave)
 20425 | D:11     | Found a staircase to the Orcish Mines.
 20496 | D:11     | Received a gift from Trog
 21161 | Orc:1    | Entered Level 1 of the Orcish Mines
 21541 | Orc:2    | Entered Level 2 of the Orcish Mines
 21565 | Orc:2    | Found a staircase to the Elven Halls.
 21598 | Orc:2    | Found a roughly hewn altar of Beogh.
 21844 | Orc:2    | Noticed manyhoops's ghost (journeyman OgBe)
 21851 | Orc:2    | Received a gift from Trog
 21880 | Orc:2    | Killed manyhoops's ghost
 21915 | Orc:2    | Reached XP level 15. HP: 137/137 MP: 14/14
 22175 | Orc:2    | Got a slimy arbalest {god gift}
 22238 | Orc:2    | Found Linn's Magic Scroll Shop.
 22328 | Orc:2    | Found Fumman's Armour Boutique.
 22330 | Orc:2    | Found Gujyditt's Antique Armour Emporium.
 22345 | Orc:2    | Bought the +3 pair of gauntlets of War {Slay+5} for 570 gold pieces
 22360 | Orc:2    | Found Optops's Food Shop.
 22740 | Orc:1    | Received a gift from Trog
 22804 | Orc:1    | Noticed Maud
 22811 | Orc:1    | Killed Maud
 23177 | D:12     | Reached skill level 19 in Polearms
 23532 | D:12     | Received a gift from Trog
 23907 | D:12     | Received a gift from Trog
 24983 | D:14     | Noticed Louise
 25010 | D:14     | Killed Louise
 25309 | D:14     | Identified the +7 arbalest of the Unliving {penet, rN+ Stlth+} (Trog gifted it to you on level 2 of the Orcish Mines)
 25521 | D:14     | Noticed Josephine
 25532 | D:14     | Killed Josephine
 25759 | D:14     | Found a gate to the Vaults.
 25993 | D:15     | Entered Level 15 of the Dungeon
 26047 | D:15     | Received a gift from Trog
 26312 | D:15     | Reached XP level 16. HP: 142/147 MP: 11/15
 26364 | D:15     | Got a bound diamond amulet
 26409 | D:15     | Found Ofituif's Antique Armour Shop.
 26442 | D:15     | Found Hevvixie's Distillery.
 26449 | D:15     | Bought an embroidered hat for 112 gold pieces
 26462 | D:15     | Bought a runed cloak for 126 gold pieces
 26466 | D:15     | Identified the amulet of Plog {Faith Str+2} (You found it on level 15 of the Dungeon)
 27002 | D:15     | Found a staircase to the Depths.
 27445 | Swamp:1  | Entered Level 1 of the Swamp
 27518 | Swamp:1  | Reached skill level 20 in Polearms
 27887 | Swamp:1  | Reached skill level 15 in Fighting
 28247 | Swamp:2  | Noticed a thorn hunter
 28251 | Swamp:2  | Reached skill level 15 in Armour
 28274 | Swamp:2  | Killed a thorn hunter
 28291 | Swamp:2  | Received a gift from Trog
 29322 | Swamp:3  | Identified a scroll of acquirement
 29325 | Swamp:3  | Got a pair of steaming boots
 29336 | Swamp:3  | Identified the +1 pair of boots "Ninacu" {*Confuse Regen+ Dex+2 SInv} (You acquired it on level 3 of the Swamp)
 29842 | Swamp:4  | Entered Level 4 of the Swamp
 29842 | Swamp:4  | Noticed Aizul
 29855 | Swamp:4  | Killed Aizul
 29855 | Swamp:4  | Reached skill level 10 in Throwing
 30632 | Swamp:4  | Received a gift from Trog
 30689 | Swamp:4  | Noticed a thorn hunter
 30705 | Swamp:4  | Killed a thorn hunter
 30966 | Swamp:4  | Noticed Jorgrun
 30979 | Swamp:4  | Killed Jorgrun
 30979 | Swamp:4  | Reached XP level 17. HP: 124/157 MP: 16/16
 31571 | Swamp:4  | Noticed a bone dragon
 31604 | Swamp:4  | Killed a bone dragon
 31604 | Swamp:4  | Reached skill level 21 in Polearms
 31925 | Swamp:4  | Got a decaying rune of Zot
 32005 | Swamp:3  | Received a gift from Trog
 32124 | Spider:1 | Entered Level 1 of the Spider Nest
 32462 | Spider:1 | You fall through a shaft!
 32490 | Spider:2 | Identified a +1 pair of boots of running (You acquired it on level 2 of the Spider Nest)
 32672 | Spider:2 | Received a gift from Trog
 33232 | Spider:1 | Received a gift from Trog
 33664 | Spider:1 | Noticed Rupert
 33670 | Spider:1 | Killed Rupert
 34296 | Spider:3 | Received a gift from Trog
 34623 | Spider:3 | Received a gift from Trog
 34651 | Spider:3 | Reached skill level 15 in Dodging
 35148 | Spider:4 | Entered Level 4 of the Spider Nest
 35545 | Spider:4 | Reached XP level 18. HP: 142/168 MP: 17/17
 35556 | Spider:4 | Reached skill level 22 in Polearms
 35707 | Spider:4 | Received a gift from Trog
 35854 | Spider:4 | Received a gift from Trog
 36377 | Spider:4 | Got a gossamer rune of Zot
 36962 | Vaults:1 | Entered Level 1 of the Vaults
 37259 | Vaults:1 | Received a gift from Trog
 37306 | Vaults:1 | Mangled by a frost giant simulacrum

Skill      XL: |  1  2  3  4  5  6  7  8  9 10 11 12 13 14 15 16 17 18 |
---------------+-------------------------------------------------------+-----
Armour         | 3 4 5 7 8 9 11 12 13 14 15 16 | 16.7
Polearms       | 4 5 7 9 11 12 14 15 17 18 19 20 21 22 | 22.5
Fighting       | 4 5 6 7 8 9 11 12 13 14 15 16 | 16.8
Dodging        | 3 4 5 6 7 8 9 10 11 12 13 14 15 | 15.5
Throwing       | 4 6 7 9 10 11 | 11.5

Action                   |  1- 3 |  4- 6 |  7- 9 | 10-12 | 13-15 | 16-18 || total
-------------------------+-------+-------+-------+-------+-------+-------++-------
Melee: Spear             |   113 |   170 |   151 |   637 |  1819 |  1475 ||  4365
       Headbutt          |    11 |    29 |    46 |   151 |   412 |   403 ||  1052
       Trident           |       |       |   153 |       |       |       ||   153
       Halberd           |       |       |       |       |    10 |       ||    10
Throw: Tomahawk          |       |       |       |     5 |    56 |   227 ||   288
Invok: Berserk           |       |     2 |     6 |     1 |     9 |     7 ||    25
       Burn Spellbooks   |       |       |     3 |       |     2 |     1 ||     6
       Trog's Hand       |       |       |       |       |     3 |       ||     3
Evoke: Wand              |       |       |       |       |     4 |       ||     4
  Use: Scroll            |       |       |     9 |    19 |     9 |    14 ||    51
       Potion            |       |       |       |       |       |     2 ||     2
 Stab: Sleeping          |       |       |       |     1 |     7 |       ||     8
       Distracted        |       |       |       |       |     1 |     2 ||     3
       Held in net/web   |       |       |       |       |       |     1 ||     1
  Eat: Chunk             |     2 |     8 |    11 |    21 |    42 |    31 ||   115
       Pizza             |       |       |     1 |       |     1 |     4 ||     6
       Bread ration      |       |       |     1 |       |       |       ||     1
       Royal jelly       |       |       |     1 |       |       |       ||     1
       Beef jerky        |       |       |       |       |     4 |     2 ||     6
       Fruit             |       |       |       |       |     1 |     1 ||     2
Armor: Animal skin       |    11 |       |       |       |       |       ||    11
       Scale mail        |    16 |    44 |    65 |       |       |       ||   125
       Ring mail         |       |       |     3 |    66 |   105 |       ||   174
       Chain mail        |       |       |       |       |   215 |   546 ||   761
Dodge: Dodged            |    62 |    54 |    97 |   210 |   537 |   712 ||  1672
